Map: Acropolis LE

Players

Mez

  • Race: Terran Terran
  • League: Master
  • Spawn Location: 5:00

A.I. 1 (Very Easy) - Winner!

  • Race: Protoss Protoss
  • Spawn Location: 11:00

VOD

Have the link to the VOD?

Description

Time

  • Played on: Aug. 9, 2019, 4:53 p.m.
  • Length: 5:31
Show
View Real Time Build Order
Export as new Build Order

Mez Terran 

Build Orders: Reaper Expand 

Get SALT Encoding   

  12  0:01  SCV  
  13  0:14  SCV  
  14  0:18  Supply Depot  
  14  0:26  SCV  
  15  0:39  SCV  
  15  0:41  Barracks  
  16  0:44  Refinery  
  16  0:51  SCV  
  17  1:03  SCV  
  18  1:16  SCV  
  19  1:29  Reaper, Orbital Command  
  20  1:41  Command Center  
  20  1:48  Bunker  
  20  1:55  SCV  
  21  2:03  Barracks Reactor  
  21  2:07  SCV  
  21  2:08  Supply Depot  
  22  2:20  SCV  
  23  2:33  SCV  
  24  2:40  Marine x2  
  24  2:42  Factory  
  26  2:47  SCV  
  27  2:52  Orbital Command  
  27  2:57  Command Center  
  27  3:02  SCV  
  28  3:05  Refinery  
  28  3:06  Marine x2  
  30  3:14  SCV  
  31  3:20  SCV  
  31  3:24  Marine x2  
  31  3:26  SCV  
  35  3:27  Widow Mine  
  35  3:32  SCV, Starport  
  38  3:38  SCV  
  39  3:42  Supply Depot  
  39  3:44  SCV  
  39  3:45  Refinery, Marine x2  
  42  3:50  Widow Mine  
  42  3:53  SCV  
  45  3:56  SCV  
  46  4:06  SCV  
  46  4:08  SCV  
  48  4:11  Orbital Command  
  50  4:17  Factory Tech Lab  
  50  4:18  SCV  
  50  4:20  SCV, Starport Tech Lab  
  50  4:28  Marine x2  
  50  4:30  SCV  
  53  4:33  SCV  
  53  4:36  Siege Tank  
  53  4:38  SCV  
  58  4:39  Raven  
  58  4:43  SCV  
  58  4:45  SCV, Barracks  
  62  4:48  Marine x2, Barracks  
  62  4:50  SCV  
  65  4:55  SCV  
  66  5:01  SCV  
  66  5:02  SCV  
  68  5:07  Engineering Bay, Refinery  
  68  5:08  Engineering Bay  
  68  5:09  SCV  
  68  5:13  Supply Depot  
  69  5:14  Supply Depot  
  69  5:27  Barracks  
  69  5:29  Barracks  
Show
View Real Time Build Order
Export as new Build Order

A.I. 1 (Very Easy) Protoss - Winner!

Build Orders:  

Get SALT Encoding   

  12  0:00  Probe  
  13  0:13  Probe  
  14  0:19  Pylon  
  14  0:37  Assimilator  
  14  0:43  Gateway  
  14  0:45  Pylon  
  14  1:14  Assimilator  
  14  1:22  Zealot  
  14  1:23  Probe  
  14  1:31  Probe  
  17  1:33  Cybernetics Core  
  18  1:41  Probe  
  19  1:53  Probe  
  20  1:59  Warp Gate  
  20  2:02  Probe  
  21  2:10  Probe  
  22  2:45  Stalker  
Tags
 
Add a new tag
Caveats
  • Supply blocks, unpowered buildings, or Contaminate may cause inaccurate times.
  • Supply counts are checked every 10 seconds.